 Dungeon Crawl Stone Soup version 0.30-a0-802-gb92711bcdf (webtiles) character file.

Game seed: 4144050539380619891

67 sasquatch the Vexing (level 4, -4/32 HPs)
             Began as a Barachi Hexslinger on Feb 24, 2023.
             Was a Believer of Zin.
             Slain by an orc
             ... wielding a +0 flail
              (8 damage)
             ... on level 3 of the Dungeon.
             The game lasted 00:05:18 (1595 turns).

sasquatch the Vexing (Barachi Hexslinger)           Turns: 1595, Time: 00:05:18

Health: -4/32      AC:  3    Str: 11    XL:     4   Next: 16%
Magic:  7/7        EV: 12    Int: 14    God:    Zin [**....]
Gold:   131        SH:  0    Dex: 14    Spells: 3/7 levels left

rFire   . . .      SeeInvis .    a - +1 sling
rCold   . . .      Faith    .    (no shield)
rNeg    . . .      Spirit   .    c - +0 robe
rPois   .          Reflect  .    (no helmet)
rElec   .          Harm     .    m - +0 cloak
rCorr   .          Rampage  .    (no gloves)
Will    .....                    (no boots)
Stlth   +                        (no amulet)
HPRegen 0.25/turn                (no ring)
MPRegen 0.10/turn                (no ring)

@: slow
A: amphibious, slowness 1, strong legs 1, +LOS
a: Hop, Renounce Religion, Recite, Vitalisation, Donate Gold


You were on level 3 of the Dungeon.
You worshipped Zin.
Zin was pleased with you.
You visited 1 branch of the dungeon, and saw 3 of its levels.

You collected 145 gold pieces.
You donated 14 gold pieces to Zin.

Inventory:

Hand Weapons
 a - a +1 sling (weapon)
Missiles
 j - 10 poisoned darts
Armour
 c - a +0 robe (worn)
 m - a +0 cloak (worn)
Wands
 t - a wand of charming (5)
Scrolls
 b - a scroll of poison
 d - 2 scrolls of amnesia {unknown}
 e - a scroll of immolation {unknown}
 f - a scroll of silence {unknown}
 g - 2 scrolls of torment {unknown}
 o - 2 scrolls of summoning {unknown}
 p - 2 scrolls of teleportation {unknown}
 r - a scroll of blinking {unknown}
 s - 2 scrolls of fog {unknown}
Potions
 h - a potion of flight {unknown}
 i - 2 potions of cancellation {unknown}
 k - 2 potions of ambrosia {unknown}
 l - a potion of magic {unknown}
 n - a potion of berserk rage {unknown}
 q - 3 potions of brilliance {unknown}


   Skills:
 - Level 1.2 Fighting
 * Level 3.2 Ranged Weapons
 - Level 2.1 Dodging
 - Level 2.0 Spellcasting
 + Level 3.8 Hexes
 + Level 1.0 Translocations


You had 3 spell levels left.
You knew the following spells:

 Your Spells              Type           Power      Damage    Failure   Level
a - Slow                  Hex            48%        N/A       4%          1
b - Portal Projectile     Hex/Tloc       16%        N/A       26%         3

Your spell library contained the following spells:

 Spells                   Type           Power      Damage    Failure   Level
 Confusing Touch          Hex            12%        N/A       14%         3
 Tukima's Dance           Hex            12%        N/A       14%         3
 Kiss of Death            Conj/Necr      4%         2d5       24%         1
 Inner Flame              Hex/Fire       6%         N/A       32%         3
 Sublimation of Blood     Necr           1%         N/A       34%         2
 Cause Fear               Hex            6%         N/A       43%         4
 Dispel Undead            Necr           1%         3d6       93%         4
 Petrify                  Tmut/Erth      1%         N/A       93%         4
 Blade Hands              Tmut           0%         N/A       100%        5
 Irradiate                Conj/Tmut      0%         3d11      100%        5


Dungeon Overview and Level Annotations

Branches:
Dungeon (3/15)

Altars:
Zin


Innate Abilities, Weirdness & Mutations

You are amphibious.
You cover ground slowly.
You can hop short distances.
You have an extended range of vision and can be seen from far away.


Message History

You shoot a sling bullet.
The sling bullet closely misses the orc.
The orc shouts!
You hear a shout!
You shoot a sling bullet. The sling bullet hits the orc!
You kill the orc!
You hear a shout!
An orc priest comes into view. It is wielding a +0 mace.
An orc comes into view. It is wielding a +0 club.
You shoot a sling bullet.
The sling bullet closely misses the orc.
The sling bullet closely misses the orc priest.
You shoot a sling bullet.
The sling bullet completely misses the orc.
The sling bullet closely misses the orc priest.
You hear a shout!
The orc throws a boomerang.
The boomerang completely misses you.
You shoot a sling bullet. The sling bullet barely misses the orc.
An orc comes into view. It is wielding a +0 short sword.
You shoot a sling bullet. The sling bullet barely misses the orc.
The orc barely misses you.
You shoot a sling bullet. The sling bullet hits the orc.
The orc is lightly wounded.
The orc misses you. The orc barely misses you.
The orc priest hits you with a +0 mace.
You shoot a sling bullet. The sling bullet hits the orc priest.
The orc priest is moderately wounded.
The orc priest hits you with a +0 mace. The orc barely misses you.
The orc attacks as you move away! The orc barely misses you.
The orc priest miscasts a cantrip.
The orc attacks as you move away! The orc hits you with a +0 short sword.
The orc priest casts a cantrip, but nothing happens.
The orc priest mumbles some strange prayers to Beogh against you.
Beogh smites you! The orc closely misses you. The orc attacks as you move away!
The orc hits you with a +0 flail!
* * * LOW HITPOINT WARNING * * *
The orc priest miscasts a cantrip.
The orc closely misses you. The orc attacks as you move away!
The orc hits you with a +0 flail!
You die...

#.##.# #.# #.#..#
#.# #.#..# #. #.#
#...o# #. #.#
###.##.# #. #.## #
#...##o# #. #..###
#.#.##o# #. #..8.8
#.#.##o# #.###.8...
. #[.@.## #.........
#. ###...#
##..##.... .##.##
#.#.# ##..##....
.......#.#.###
#..###....
#.......###..###....
###...#.........#...
###...###..##.####
#.#..##.....#
#.##......###.#


You could see an orc priest and 3 orcs.

Vanquished Creatures
  An adder (D:2)
  2 worms (D:3)
  An orc (D:3)
  4 endoplasms (D:1)
  2 giant cockroaches
  5 goblins
  A hobgoblin (D:2)
  4 jackals (D:1)
  2 quokkas (D:1)
  7 ball pythons
  8 bats
  6 frilled lizards
  4 kobolds (D:2)
  5 rats
52 creatures vanquished.

Notes
Turn   | Place    | Note
-------+----------+-------------------------------------------
     0 | D:1      | sasquatch the Barachi Hexslinger began the quest for the
                  | Orb.
     0 | D:1      | Reached XP level 1. HP: 15/15 MP: 2/2
   160 | D:1      | Reached XP level 2. HP: 21/21 MP: 4/4
   557 | D:1      | Reached XP level 3. HP: 26/26 MP: 5/5
   561 | D:1      | Learned a level 3 spell: Portal Projectile
  1132 | D:2      | Identified the +1 robe "Pevaimp" {rElec rCorr Str+4 Dex-3}
  1401 | D:3      | Reached XP level 4. HP: 24/32 MP: 6/6
  1443 | D:3      | Reached skill level 1 in Translocations
  1466 | D:3      | Found a faded altar of an unknown god.
  1479 | D:3      | Prayed at the altar of an unknown god.
  1479 | D:3      | Became a worshipper of Zin the Law-Giver
  1479 | D:3      | Reached * piety under Zin
  1479 | D:3      | Reached ** piety under Zin
  1595 | D:3      | Slain by an orc

Illustrated notes

Levels and vault maps discovered:
D:1:      psy_arrival_wood_between_worlds, layout_basic, palyth_stone_intersect
D:2:      layout_rooms, kennysheep_generic_room_2
D:3:      layout_rooms, shapermc_ecumenical_altar_pompeii

Skill      XL: |  1  2  3  4 |
---------------+-------------+-----
Ranged Weapons | 3 |  3.2
Spellcasting   | 2 |  2.0
Translocations | 1 |  1.0
Fighting       | |  1.2
Dodging        | |  2.1
Hexes          | |  3.8

Action                     |  1- 3 |  4- 6 || total
---------------------------+-------+-------++-------
   Fire: Sling             |   138 |    21 ||   159
   Cast: Slow              |     1 |       ||     1
 Armour: Robe              |    25 |       ||    25
  Dodge: Dodged            |    62 |     8 ||    70

Table legend: (Time is in decaauts)
 A = Elapsed time spent in this place.
 B = Non-inter-level travel time spent in this place.
 C = Inter-level travel time spent in this place.
 D = Time resting spent in this place.
 E = Time spent auto-exploring this place.
 F = Levels seen in this place.
 G = Mean time per level.
                   A        B        C        D        E       F      G
               +--------+--------+--------+--------+--------+-----+--------+
         Total |   1880 |   1848 |     32 |      0 |   1502 |   3 |  626.7 |
       Dungeon |   1880 |   1848 |     32 |      0 |   1502 |   3 |  626.7 |
               +--------+--------+--------+--------+--------+-----+--------+

Top non-repeatable levels by time:
     D:1: 1002 daAuts
     D:2: 626 daAuts
     D:3: 251 daAuts
